 Dungeon Crawl Stone Soup version 0.26-a0-610-g3e9335b (webtiles) character file.

Game seed: 14791583305151256835

186 DrKleor the Skirmisher (level 5, -1/42 HPs)
             Began as a Formicid Fighter on Sept 2, 2020.
             Killed from afar by an orc wizard (9 damage)
             ... with a puff of flame
             ... on level 4 of the Dungeon.
             The game lasted 00:06:17 (2935 turns).

DrKleor the Skirmisher (Formicid Fighter)           Turns: 2935, Time: 00:06:17

Health: -1/42      AC: 10    Str: 22    XL:     5   Next: 97%
Magic:  5/5        EV:  8    Int:  7    God:
Gold:   161        SH:  9    Dex: 10    Spells: 4/4 levels left

rFire    . . .     SeeInvis +   a - +0 long sword
rCold    . . .     Faith    .   c - +0 kite shield
rNeg     . . .     Spirit   .   b - +0 scale mail
rPois    .         Reflect  .   (helmet unavailable)
rElec    .         Harm     .   r - +0 cloak
rCorr    +                      p - +1 pair of gloves
MR       .....                  (no boots)
Stlth    ..........             (no amulet)
HPRegen  0.14/turn              x - ring of resist corrosion
MPRegen  0.09/turn              (no ring)

@: no status effects
A: permanent stasis, dig shafts and tunnels, four strong arms, antennae 3
a: Dig, Shaft Self


You were on level 4 of the Dungeon.
You visited 1 branch of the dungeon, and saw 4 of its levels.

You collected 161 gold pieces.

Inventory:

Hand Weapons
 a - a +0 long sword (weapon)
Missiles
 m - 6 poisoned darts (quivered)
Armour
 b - a +0 scale mail (worn)
 c - a +0 kite shield (worn)
 p - a +1 pair of gloves (worn)
 r - a +0 cloak (worn)
Jewellery
 x - a ring of resist corrosion (left hand)
Wands
 y - a wand of flame (10)
Scrolls
 g - 3 scrolls of blinking {unknown}
 j - 3 scrolls of enchant weapon {unknown}
 k - 2 scrolls of identify {unknown}
 l - a scroll of enchant armour {unknown}
 n - 3 scrolls of teleportation {unknown}
 o - a scroll of amnesia {unknown}
 s - a scroll of fear {unknown}
 u - a scroll of remove curse {unknown}
 v - a scroll of immolation {unknown}
 w - a scroll of fog {unknown}
Potions
 d - a potion of might
 e - a potion of invisibility {unknown}
 f - 2 potions of brilliance {unknown}
 h - 3 potions of stabbing {unknown}
 i - 3 potions of curing {unknown}
 q - a potion of cancellation {unknown}
 t - a potion of resistance {unknown}


   Skills:
 + Level 4.2 Fighting
 * Level 3.8 Long Blades
 * Level 3.1 Throwing
 - Level 3.2 Armour
 - Level 3.6 Shields


You had 4 spell levels left.
You didn't know any spells.
Your spell library was empty.

Dungeon Overview and Level Annotations

Branches:
Dungeon (4/15)
 Temple: D:4-7

Altars:

Portals:
Ossuary: D:4


Innate Abilities, Weirdness & Mutations

You cannot be hasted, slowed, berserked, paralysed or teleported.
You can dig through walls and to a lower floor.
Your four strong arms can wield two-handed weapons with a shield.
You have a pair of large antennae on your head. (SInv)


Message History

You block the orc wizard's attack.
The orc wizard hits you with a +0 dagger.
You slash the orc priest!
You kill the orc priest!
The orc closely misses you.
You riposte.
You barely miss the orc. You block the orc's attack.
The orc wizard hits you but does no damage.
The orc wizard casts a spell at you. The puff of flame hits you!
The orc barely misses you.
You riposte.
You barely miss the orc.
The orc wizard hits you but does no damage.
As you open the door, it creaks loudly!
The orc wizard hits you but does no damage.
The orc hits you with a +0 flail!
* * * LOW HITPOINT WARNING * * *
Found an escape hatch in the floor.
Found a sand-covered staircase.
You block the orc wizard's attack.
The orc wizard gestures at you while chanting.
The puff of flame hits you!
You die...

################
#...............
#.<.....#
#.......#
#..)....###
#..o........
##ooo...####
##@....#
#...#....#
.>.#.∩.#####...
...#... ..# ##
#### .# .. #.>
#..


You could see 2 orc wizards and 2 orcs.

Vanquished Creatures
  An orc priest (D:4)
  Robin (D:2)
  5 adders
  2 worms
  2 dart slugs
  3 leopard geckos
  2 giant cockroaches
  22 goblins
  10 hobgoblins
  8 jackals
  7 kobolds
  3 ball pythons
  6 bats
  5 frilled lizards
  7 rats
84 creatures vanquished.

Notes
Turn   | Place    | Note
-------+----------+-------------------------------------------
     0 | D:1      | DrKleor the Formicid Fighter began the quest for the Orb.
     0 | D:1      | Reached XP level 1. HP: 18/18 MP: 1/1
   144 | D:1      | Reached XP level 2. HP: 24/24 MP: 2/2
   232 | D:1      | Reached skill level 1 in Throwing
   457 | D:1      | Reached XP level 3. HP: 29/29 MP: 3/3
  1163 | D:2      | Noticed Robin
  1190 | D:2      | Killed Robin
  1190 | D:2      | Reached XP level 4. HP: 26/37 MP: 4/4
  1506 | D:2      | Found a faded altar of an unknown god.
  1648 | D:2      | Reached XP level 5. HP: 42/42 MP: 5/5
  2267 | D:3      | Reached skill level 4 in Fighting
  2934 | D:4      | Found a sand-covered staircase.
  2935 | D:4      | Killed from afar by an orc wizard

Illustrated notes

Levels and vault maps discovered:
D:1:      denvon_arrival_waterhouse, layout_loops_ring
D:2:      layout_loops_corners, chequers_ecumenical_altar_island,
          grunt_ministairs_10, uniq_robin
D:3:      layout_loops_cross, minmay_goblin_outpost
D:4:      layout_loops_ring, nicolae_ossuary_entry_false_entrances

Skill      XL: |  1  2  3  4  5 |
---------------+----------------+-----
Throwing       | 1 2 3 |  3.1
Long Blades    | 3 |  3.8
Fighting       | 4 |  4.2
Armour         | |  3.2
Shields        | |  3.6

Action                   |  1- 3 |  4- 6 || total
-------------------------+-------+-------++-------
Melee: Long sword        |    95 |   173 ||   268
 Abil: Dig               |     1 |     1 ||     2
Armor: Scale mail        |    40 |    88 ||   128
Dodge: Dodged            |    34 |    65 ||    99
Block: Kite shield       |    50 |   111 ||   161
       Rpst.: Long sword |    10 |    23 ||    33

Table legend: (Time is in decaauts)
 A = Elapsed time spent in this place.
 B = Non-inter-level travel time spent in this place.
 C = Inter-level travel time spent in this place.
 D = Time resting spent in this place.
 E = Time spent auto-exploring this place.
 F = Levels seen in this place.
 G = Mean time per level.
                   A        B        C        D        E       F      G
               +--------+--------+--------+--------+--------+-----+--------+
         Total |   3029 |   2940 |     89 |    432 |   1768 |   4 |  757.2 |
       Dungeon |   3029 |   2940 |     89 |    432 |   1768 |   4 |  757.2 |
               +--------+--------+--------+--------+--------+-----+--------+

Top non-repeatable levels by time:
     D:2: 1372 daAuts
     D:1: 837 daAuts
     D:3: 807 daAuts
     D:4: 12 daAuts
